 Seeded DCSS version 0.31.0-12-g77e489cdc1 (webtiles) character file.

Game seed: 3 (custom seed)

714 Kazon the Cudgeller (level 7, 0/64 HPs)
             Began as a Naga Berserker on Feb 13, 2024.
             Was a Believer of Trog.
             Slain by a gnoll
             ... wielding a +0 spear
             ... led by a gnoll sergeant
              (8 damage)
             ... on level 5 of the Dungeon on Feb 14, 2024.
             The game lasted 00:17:27 (2398 turns).

Kazon the Cudgeller (Naga Berserker)                Turns: 2398, Time: 00:17:27

Health: 0/64       AC:  2    Str: 21    XL:     7   Next: 69%
Magic:  7/7        EV: 10    Int:  8    God:    Trog [**....]
Gold:   153        SH:  5    Dex: 10    Spells: 6/6 levels left

rFire   . . .        z - +3 quarterstaff (chaos)
rCold   . . .        (shield currently unavailable)
rNeg    . . .        (no body armour)
rPois   +            (helmet currently unavailable)
rElec   .            (cloak currently unavailable)
rCorr   .            (gloves currently unavailable)
SInv    +            (no barding)
Will    .....        y - amulet of reflection
Stlth   ++           (no ring)
HPRegen 0.30/turn    (no ring)
MPRegen 0.10/turn

%: reflection
@: beast-form, very slow
A: beast (slay +1), AC +2, large, see invisible, deformed body, poison
resistance, slowness 2, spit poison 1, naga tail 1
a: Spit Poison, Begin Untransformation, Renounce Religion, Berserk, Trog's Hand


You were on level 5 of the Dungeon.
You worshipped Trog.
Trog was pleased with you.
You were a hulking beast.
You visited 1 branch of the dungeon, and saw 5 of its levels.
You also visited: Sewer.

You collected 153 gold pieces.

Inventory:

Hand Weapons
 a - a +0 mace
 i - a +1 short sword of venom
 z - a +3 quarterstaff of chaos (weapon)
Missiles
 e - 23 stones (quivered)
 v - 2 poisoned darts
Armour
 d - a +0 chain mail
 g - a +0 pair of gloves
 q - a +0 barding of fire resistance
 A - a +0 cloak
Jewellery
 y - an amulet of reflection (around neck)
Talismans
 c - a beast talisman (active)
Scrolls
 h - 5 scrolls of identify {unknown}
 j - a scroll of enchant armour {unknown}
 o - 2 scrolls of blinking {unknown}
 p - a scroll of fog {unknown}
 r - a scroll of noise {unknown}
 s - a scroll of silence {unknown}
 t - 5 scrolls of teleportation {unknown}
 x - 2 scrolls of fear {unknown}
Potions
 b - 3 potions of might {unknown}
 f - 2 potions of magic {unknown}
 k - a potion of curing {unknown}
 l - a potion of cancellation {unknown}
 m - 4 potions of heal wounds {unknown}
 n - 3 potions of mutation {unknown}
 u - 2 potions of enlightenment {unknown}
 w - a potion of attraction {unknown}


   Skills:
 + Level 4.1 Fighting
 + Level 2.6 Short Blades
 + Level 4.4 Maces & Flails
 + Level 0.3(2.7) Staves
 + Level 2.1 Throwing
 + Level 2.9 Armour
 + Level 2.0 Dodging
 + Level 4.3 Stealth
 * Level 2.5 Shapeshifting


You had 6 spell levels left.
You didn't know any spells.
Your spell library was empty.

Dungeon Overview and Level Annotations

Branches:
Dungeon (5/15)              Sewer (visited)
 Temple: D:4-7

Altars:
Nemelex Xobeh


Innate Abilities, Weirdness & Mutations

You are a hulking beast.
Your limbs bulge with bestial killing power. (Slay +1)
Your serpentine skin is tough. (AC +2)
You have supernaturally acute eyesight. (SInv)
Armour fits poorly on your strangely shaped body.
Your system is resistant to poisons. (rPois)
You cover ground very slowly.
You can spit poison.
You have a snake-like lower body.


Message History

The gnoll sergeant is lightly wounded.
Unknown command.
The gnoll sergeant hits you with a +0 spear of flaming!
The gnoll sergeant burns you.
The gnoll sergeant hits you with a +0 spear of flaming!
The gnoll sergeant burns you.
You thump the gnoll sergeant! You freeze the gnoll sergeant.
The gnoll sergeant is severely wounded.
The gnoll sergeant barely misses you.
You barely miss the gnoll sergeant.
The gnoll sergeant is severely wounded.
The gnoll sergeant looks more healthy.
The gnoll sergeant barely misses you.
You hit the gnoll sergeant but do no damage.
The gnoll sergeant looks weaker.
The gnoll sergeant is severely wounded.
You block the gnoll sergeant's attack.
You hit the gnoll sergeant.
The gnoll sergeant seems to grow stronger.
The gnoll sergeant is almost dead.
You have got your breath back.
The gnoll sergeant barely misses you.
You hit the gnoll sergeant but do no damage.
The gnoll sergeant is almost dead.
The gnoll sergeant hits you with a +0 spear of flaming!
* * * LOW HITPOINT WARNING * * *
The gnoll sergeant burns you.
* * * LOW HITPOINT WARNING * * *
You sock the gnoll sergeant!
You feel better.
You kill the gnoll sergeant!
Trog accepts your kill.
You hit the gnoll. You drain the gnoll.
The gnoll is severely wounded.
The gnoll hits you with a +0 club.
* * * LOW HITPOINT WARNING * * *
The gnoll barely misses you.
You thump the gnoll! Lightning courses through the gnoll!
You kill the gnoll!
Trog accepts your kill.
The gnoll hits you from afar with a +0 spear!
You die...

# ..# #########
#...###.......#
##......#####.#
........#
#.#######
###########.#
#........
........h)g.#
#.#######
####.#####g.#
#.# #.$... ..#
#.#.##.###
#g..##. .....#
g..... .....).


You could see 2 gnolls.

Vanquished Creatures
  Sigmund (D:3)
  Pargi (Sewer)
  An ogre (D:5)
  A brain worm (Sewer)
  A gnoll sergeant (D:5)
  A scorpion (D:4)
  A bombardier beetle (D:3)
  A hound (D:4)
  Crazy Yiuf (D:4)
  A gnoll (D:5)
  5 adders
  A dart slug (D:2)
  An orc (D:5)
  6 ball pythons
  4 bats
  7 endoplasms
  A giant cockroach (D:2)
  3 goblins
  7 hobgoblins
  2 quokkas
  7 frilled lizards
  5 kobolds
  5 rats
64 creatures vanquished.

Notes
Turn   | Place    | Note
-------+----------+-------------------------------------------
     0 | D:1      | Kazon the Naga Berserker began the quest for the Orb.
     0 | D:1      | Reached XP level 1. HP: 21/21 MP: 1/1
   179 | D:1      | Reached XP level 2. HP: 28/28 MP: 2/2
   342 | D:1      | Found a faded altar of an unknown god.
   555 | D:1      | Reached skill level 1 in Stealth
   747 | D:2      | Reached XP level 3. HP: 24/34 MP: 3/3
   794 | D:2      | Reached ** piety under Trog
   921 | D:3      | Found a glowing drain.
   930 | Sewer    | Entered a sewer
   967 | Sewer    | Reached XP level 4. HP: 38/42 MP: 4/4
   972 | Sewer    | Noticed a brain worm
   972 | Sewer    | Noticed Pargi
   980 | Sewer    | Killed Pargi
   981 | Sewer    | Reached skill level 1 in Throwing
   981 | Sewer    | Reached skill level 1 in Shapeshifting
   981 | Sewer    | Reached XP level 5. HP: 49/49 MP: 2/5
  1321 | D:2      | Identified a scroll of acquirement
  1321 | D:2      | Acquired a +0 barding of fire resistance
  1495 | D:3      | Reached XP level 6. HP: 55/57 MP: 6/6
  1533 | D:3      | Noticed Sigmund
  1546 | D:3      | Killed Sigmund
  1547 | D:3      | Reached skill level 1 in Short Blades
  1790 | D:3      | Reached XP level 7. HP: 53/63 MP: 7/7
  1994 | D:4      | Found a sparkling altar of Nemelex Xobeh.
  2167 | D:4      | Found a runed translucent door.
  2168 | D:4      | Noticed Crazy Yiuf
  2175 | D:4      | Killed Crazy Yiuf
  2307 | D:5      | Entered Level 5 of the Dungeon
  2398 | D:5      | Slain by a gnoll

Illustrated notes

Levels and vault maps discovered:
D:1:      psy_arrival_terrarium, layout_loops_corners,
          shapermc_ecumenical_altar_notcrosses, dreamdust_mushroom_princess
D:2:      layout_rooms, grunt_ministairs_3, kennysheep_cross_bottleneck,
          minmay_pentomino_x2
D:3:      layout_basic, portal_sewer_entry_d, uniq_sigmund
D:4:      layout_cave_pools, mainiacjoe_overflow_boulevard,
          uniq_crazy_yiuf_cottage
D:5:      layout_loops_ring, serial_library_hellmonk_junction, uniq_grinder,
          uniq_duvessa

Skill      XL: |  1  2  3  4  5  6  7 |
---------------+----------------------+-----
Stealth        | 1 2 3 4 |  4.3
Throwing       | 1 2 |  2.1
Armour         | 2 |  2.9
Shapeshifting  | 1 2 |  2.5
Maces & Flails | 4 |  4.4
Short Blades   | 1 2 |  2.6
Fighting       | 4 |  4.1
Dodging        | 2 |  2.0
Staves         | |  0.3

Action                     |  1- 3 |  4- 6 |  7- 9 || total
---------------------------+-------+-------+-------++-------
  Melee: Mace              |    42 |       |       ||    42
         Short sword       |    16 |    50 |    28 ||    94
         Quarterstaff      |       |       |    23 ||    23
  Throw: Stone             |       |     5 |     2 ||     7
 Invoke: Berserk           |       |     2 |     1 ||     3
         Trog's Hand       |       |     1 |       ||     1
Ability: Spit Poison       |    20 |     8 |     6 ||    34
    Use: Scroll            |       |     1 |       ||     1
   Stab: Paralysed         |       |       |     1 ||     1
         Sleeping          |       |       |     1 ||     1
 Armour: Animal skin       |     6 |       |       ||     6
         Chain mail        |    55 |    43 |     5 ||   103
         Skin              |       |       |    17 ||    17
  Dodge: Dodged            |    20 |     9 |    19 ||    48
  Block: Other             |       |       |     5 ||     5
   Form: Beast             |       |       |     2 ||     2
                           |       |       |     1 ||     1
